 Dungeon Crawl Stone Soup version 0.31-a0-986-g5e6e4ef867 (webtiles) character file.

Game seed: 16366482095683516517

170 Sanktem7 the Shield-Bearer (level 5, 0/47 HPs)
             Began as a Minotaur Fighter on Nov 10, 2023.
             Killed from afar by an orc wizard (10 damage)
             ... with a magic dart
             ... on level 4 of the Dungeon.
             The game lasted 00:03:20 (2177 turns).

Sanktem7 the Shield-Bearer (Minotaur Fighter)       Turns: 2177, Time: 00:03:21

Health: 0/47       AC: 10    Str: 23    XL:     5   Next: 26%
Magic:  4/4        EV: 15    Int:  5    God:
Gold:   78         SH:  5    Dex: 11    Spells: 4/4 levels left

rFire   . . .        a - +0 war axe {axe}
rCold   . . .        c - +0 buckler
rNeg    . . .        q - +4 ring mail of Usaum {Dex+2}
rPois   .            (helmet restricted)
rElec   .            (no cloak)
rCorr   .            (no gloves)
SInv    .            (no boots)
Will    .....        (no amulet)
Stlth   +            f - +5 ring of evasion
HPRegen 0.27/turn    (no ring)
MPRegen 0.09/turn

%: no passive effects
@: no status effects
A: horns 2, retaliatory headbutt
a: no special abilities


You were on level 4 of the Dungeon.
You visited 1 branch of the dungeon, and saw 4 of its levels.

You collected 138 gold pieces.
You spent 60 gold pieces at shops.


Innate Abilities, Weirdness & Mutations

You have a pair of horns on your head.
You reflexively headbutt those who attack you in melee.


   Skills:
 + Level 4.4 Fighting
 * Level 4.5 Axes
 + Level 1.0 Throwing
 + Level 4.4 Armour
 + Level 4.5 Shields


You had 4 spell levels left.
You didn't know any spells.
Your spell library was empty.

Inventory:

Hand Weapons
 a - a +0 war axe (weapon) {axe}
 o - a +0 dagger of flaming {short}
   (You took it off a goblin on level 2 of the Dungeon)
Missiles
 i - 17 stones {throwing}
 n - 4 poisoned darts {throwing}
Armour
 c - a +0 buckler (worn)
 q - the +4 ring mail of Usaum (worn) {Dex+2}
   (You found it on level 3 of the Dungeon)

   Dex+2:     It affects your dexterity (+2).
Jewellery
 f - a +5 ring of evasion (left hand)
   (You found it on level 1 of the Dungeon)
 l - an amulet of faith {!P}
   (You found it on level 2 of the Dungeon)
Wands
 b - a wand of flame (20)
   (You found it on level 3 of the Dungeon)
Scrolls
 g - a scroll of poison {unknown}
 h - a scroll of blinking {unknown}
 j - a scroll of teleportation {unknown}
 s - a scroll of noise {unknown}
Potions
 d - 2 potions of might
 e - 3 potions of heal wounds {@q2}
 k - a potion of ambrosia {unknown}
 m - 2 potions of brilliance {unknown}
 p - a potion of curing {unknown}
 r - a potion of mutation {unknown}

Dungeon Overview and Level Annotations

Branches:
Dungeon (4/15) Zot: 21759
 Temple: D:4-7

Altars:

Shops:
D:3

! .....
......####+##
............#
............+
...........<#
............#####
..................
......))..........
......)@{.........
..................
..................
########+#########


There were no monsters in sight!


Message History

You take 3 damage, and now have 37/41 hp.
You barely miss the orc wizard. You closely miss the orc.
The orc wizard casts a spell.
The orc wizard flickers and vanishes!
Deactivating autopickup; reactivate with Ctrl-A.
The orc closely misses you. The orc barely misses you.
Something hits you but does no damage.
A gnoll comes into view. It is wielding a +0 whip.
You barely miss something.
The gnoll shouts!
You hit the orc but do no damage.
You hear a shout!
Something hits you. The orc barely misses you.
You closely miss something. You barely miss the orc. Something hits you.
The orc closely misses you. You furiously retaliate!
You headbutt the orc!
You kill the orc! 😕 HP[-3]
You take 3 damage, and now have 34/41 hp.
You miss something. You hit the gnoll. Something hits you but does no damage.
A gnoll comes into view. It is wielding a +0 club.
The gnoll hits you but does no damage. Something completely misses you.
The gnoll barely misses you.
The gnoll moves out of view.
You miss something. You barely miss the gnoll.
Something hits you but does no damage.
A gnoll comes into view. It is wielding a +0 club.
The gnoll hits you with a +0 whip. 😕 HP[-2]
You take 2 damage, and now have 32/41 hp.
You miss something.
The gnoll shouts!
Your headbutt misses something. You hit the gnoll but do no damage.
You hear an angry hiss.
The gnoll hits you but does no damage. Something hits you but does no damage.
You barely miss the gnoll. You closely miss something.
Something hits you but does no damage. The gnoll hits you but does no damage.
You slash the gnoll!
You kill the gnoll!
You slash something! You closely miss the gnoll.
Something hits you but does no damage. The gnoll closely misses you.
Something hits you. The gnoll closely misses you. You furiously retaliate!
You headbutt the gnoll!
You kill the gnoll!
You have reached level 5! 😮 HP[-1] MP[+1]
You now have 47 max hp (+6).
Your mp is fully restored (4).
You hit something but do no damage.
An adder comes into view.
You hear some strange, mumbled words.
Something tries to affect you, but you resist.
You closely miss something. Something barely misses you.
You hit something but do no damage. You slash the gnoll!
You barely miss the gnoll. You block something's attack.
The gnoll hits you with a +0 club. The gnoll misses you.
Something hits you but does no damage. The gnoll hits you but does no damage.
The gnoll barely misses you. You furiously retaliate!
You headbutt the gnoll!
You kill the gnoll!
Your Throwing skill increases to level 1!
You hit something but do no damage. Your headbutt misses something.
You barely miss the gnoll. Something hits you.
The gnoll hits you with a +0 club!
* * * LOW HITPOINT WARNING * * *
😨 HP[-13]
You take 13 damage, and now have 18/47 hp.
MASSIVE DAMAGE!! (PAUSE)
You hit something but do no damage. You hit the gnoll.
Something hits you but does no damage. You block the gnoll's attack.
The adder misses you.
You hit something but do no damage. You headbutt something.
You closely miss the adder. You hit the gnoll. The adder bites you.
* * * LOW HITPOINT WARNING * * *
Something hits you.
* * * LOW HITPOINT WARNING * * *
The gnoll barely misses you. The adder closely misses you. 😨 HP[-4]
You take 4 damage, and now have 14/47 hp.
You miss something. You slash the gnoll!
You kill the gnoll!
You hit the adder. Something barely misses you. You block the adder's attack.
Something closely misses you.
You hit the adder. You closely miss something.
The adder bites you but does no damage. Something hits you.
* * * LOW HITPOINT WARNING * * *
The adder bites you but does no damage. 😨 HP[-2]
You take 2 damage, and now have 12/47 hp.
You closely miss the adder. Your headbutt misses the adder.
You barely miss something. The adder bites you but does no damage.
Something barely misses you.
The adder bites you but does no damage. 😨 HP[+1]
You slash the adder!
You kill the adder!
You hit something.
You hear some strange, mumbled words.
A magic dart appears from out of thin air!
The magic dart hits you.
* * * LOW HITPOINT WARNING * * *
You hear some strange, mumbled words.
A magic dart appears from out of thin air!
The magic dart hits you!
You die...

Skill      XL: |  1  2  3  4  5 |
---------------+----------------+-----
Axes           | 3 4 |  4.5
Fighting       | 4 |  4.4
Armour         | 4 |  4.4
Shields        | 4 |  4.5
Throwing       | 1 |  1.0

Action                     |  1- 3 |  4- 6 || total
---------------------------+-------+-------++-------
  Melee: War axe           |    58 |    80 ||   138
         Headbutt          |     3 |     8 ||    11
 Armour: Scale mail        |    32 |    15 ||    47
         Ring mail         |       |    41 ||    41
  Dodge: Dodged            |    30 |    65 ||    95
  Block: Buckler           |    13 |    18 ||    31

Levels and vault maps discovered:
D:1:      heliophobic_arrival_battle_scene, layout_basic, minmay_domino_2
D:2:      cheibrodos_greedy_goblins, layout_basic,
          hellmonk_ecumenical_altar_heavens_door
D:3:      layout_loops_ring, serial_shops, shop, serial_rivers,
          chequers_serial_rivers_large_a, chequers_serial_rivers_small_3,
          chequers_serial_rivers_small_a, chequers_serial_rivers_marsh,
          chequers_serial_rivers_small_3, chequers_serial_rivers_micro_c
D:4:      layout_gridville, lemuel_crystal_altar, gup_sewer_entry_bubbles,
          uniq_eustachio

Notes
Turn   | Place    | Note
-------+----------+-------------------------------------------
     0 | D:1      | Sanktem7 the Minotaur Fighter began the quest for the Orb.
     0 | D:1      | Reached XP level 1. HP: 19/19 MP: 0/0
     0 | D:1      | magus.rc [v1.9.6]
   136 | D:1      | Reached XP level 2. HP: 25/27 MP: 1/1
   232 | D:1      | Reached skill level 3 in Axes
   765 | D:2      | Reached skill level 4 in Fighting
   765 | D:2      | Reached skill level 4 in Armour
   765 | D:2      | Reached skill level 4 in Shields
   765 | D:2      | Reached XP level 3. HP: 33/33 MP: 2/2
   896 | D:2      | Reached XP level 4. HP: 32/40 MP: 3/3
  1128 | D:2      | Found a faded altar of an unknown god.
  1274 | D:2      | Reached skill level 4 in Axes
  1351 | D:3      | Identified the +4 ring mail of Usaum {Dex+2}
  1795 | D:3      | Found Vaogoxel's Distillery.
  1805 | D:3      | Bought a potion of heal wounds for 60 gold pieces
  2168 | D:4      | Reached XP level 5. HP: 31/47 MP: 4/4
  2171 | D:4      | Reached skill level 1 in Throwing
  2177 | D:4      | HP: 10/47 [something/magic dart (3)]
  2177 | D:4      | Killed from afar by an orc wizard

Vanquished Creatures
  4 gnolls (D:4)
  6 adders
  A worm (D:2)
  A dart slug (D:3)
  3 orcs (D:4)
  5 endoplasms
  3 giant cockroaches
  11 goblins
  15 hobgoblins
  4 jackals (D:3)
  3 quokkas
  7 ball pythons
  4 bats
  4 frilled lizards
  4 kobolds
  2 rats (D:3)
77 creatures vanquished.

Table legend:
 A = Non-vault XP
 B = Vault XP
 C = Vault XP percentage of total XP
 D = Non-vault monster count
 E = Vault monster count
 F = Vault count percentage of total count
                 A         B        C        D         E       F
            +---------+---------+-------+---------+---------+-------
      Total |     233 |      24 |   9.3 |      64 |      13 |  16.9
            +---------+---------+-------+---------+---------+-------
        D:1 |      34 |       1 |   2.9 |      20 |       1 |   4.8
        D:2 |      67 |      23 |  25.6 |      12 |      12 |  50.0
        D:3 |      53 |       0 |   0.0 |      24 |       0 |   0.0
        D:4 |      79 |       0 |   0.0 |       8 |       0 |   0.0
            +---------+---------+-------+---------+---------+-------

Skill      XL: |  1  2  3  4  5 |
---------------+----------------+-----
Axes           | 3 4 |  4.5
Fighting       | 4 |  4.4
Armour         | 4 |  4.4
Shields        | 4 |  4.5
Throwing       | 1 |  1.0

Action                     |  1- 3 |  4- 6 || total
---------------------------+-------+-------++-------
  Melee: War axe           |    58 |    80 ||   138
         Headbutt          |     3 |     8 ||    11
 Armour: Scale mail        |    32 |    15 ||    47
         Ring mail         |       |    41 ||    41
  Dodge: Dodged            |    30 |    65 ||    95
  Block: Buckler           |    13 |    18 ||    31

Illustrated notes

Table legend:
 A = Kills in this place as a percentage of kills in the entire game.
 B = Kills by you in this place as a percentage of kills by you in the entire game.
 C = Kills by friends in this place as a percentage of kills by friends in the entire game.
 D = Other kills in this place as a percentage of other kills in the entire game.
 E = Experience gained in this place as a percentage of experience gained in the entire game.
 F = Experience gained in this place divided by the number of levels of this place that you have seen.
                   A       B       C       D       E      F
               +-------+-------+-------+-------+-------+----------------------
         Total | 100.0 | 100.0 |   N/A |   N/A | 100.0 |  64.2
       Dungeon | 100.0 | 100.0 |   N/A |   N/A | 100.0 |  64.2
               +-------+-------+-------+-------+-------+----------------------

Table legend: (Time is in decaauts)
 A = Elapsed time spent in this place.
 B = Non-inter-level travel time spent in this place.
 C = Inter-level travel time spent in this place.
 D = Time resting spent in this place.
 E = Time spent auto-exploring this place.
 F = Levels seen in this place.
 G = Mean time per level.
                   A        B        C        D        E       F      G
               +--------+--------+--------+--------+--------+-----+--------+
         Total |   2238 |   2116 |    122 |      0 |   1748 |   4 |  559.5 |
       Dungeon |   2238 |   2116 |    122 |      0 |   1748 |   4 |  559.5 |
               +--------+--------+--------+--------+--------+-----+--------+

Top non-repeatable levels by time:
     D:3: 853 daAuts
     D:2: 698 daAuts
     D:1: 656 daAuts
     D:4: 30 daAuts
